 Dungeon Crawl Stone Soup version 0.21-b1-21-g86478ac (webtiles) character file.

70 zaRGo the Firebug (level 4, -1/24 HPs)
             Began as a Deep Elf Fire Elementalist on Jan 4, 2018.
             Slain by an orc (4 damage)
             ... on level 3 of the Dungeon.
             The game lasted 00:20:49 (3824 turns).

zaRGo the Firebug (Deep Elf Fire Elementalist)      Turns: 3824, Time: 00:20:49

Health: -1/24      AC:  3    Str:  5    XL:     4   Next: 4%
Magic:  6/11       EV: 13    Int: 21    God:
Gold:   85         SH:  0    Dex: 15    Spells: 4/10 levels left

rFire    . . .     SeeInvis .   b - +0 blowgun
rCold    . . .     Gourm    .   (no shield)
rNeg     . . .     Faith    .   A - +0 robe
rPois    .         Spirit   .   (no helmet)
rElec    .         Reflect  .   (no cloak)
rCorr    .         Harm     .   e - +0 pair of gloves
MR       .....                  (no boots)
Stlth    ++........             (no amulet)
HPRegen  0.08/turn              (no ring)
MPRegen  0.12/turn              (no ring)

@: berserk cooldown, slowed, very slow
A: no striking features
a: no special abilities


You were on level 3 of the Dungeon.
You were not hungry.

You visited 1 branch of the dungeon, and saw 3 of its levels.

You collected 85 gold pieces.

Inventory:

Hand Weapons
 a - a +4 short sword
 b - a +0 blowgun (weapon)
Missiles
 l - 5 poisoned needles (quivered)
 m - 70 stones
Armour
 e - a +0 pair of gloves (worn)
 j - a +0 leather armour
 A - a +0 robe (worn)
Jewellery
 g - an uncursed ring of ice {unknown}
Wands
 s - a wand of flame (25)
Scrolls
 d - 5 scrolls of identify {unknown}
 f - a scroll of fog {unknown}
 i - a scroll of amnesia {unknown}
 k - a scroll of enchant armour {unknown}
 p - 2 scrolls of remove curse {unknown}
 r - a scroll of magic mapping {unknown}
Books
 h - a book of Flames

   Spells                             Type                      Level
   a - Flame Tongue                   Conjuration/Fire             1
   b - Throw Flame                    Conjuration/Fire             2
   c - Conjure Flame                  Conjuration/Fire             3
   d - Inner Flame                    Hexes/Fire                   3
   e - Sticky Flame                   Conjuration/Fire             4
   f - Fireball                       Conjuration/Fire             5
Comestibles
 c - 5 rations
 n - 7 chunks of flesh


   Skills:
 - Level 2.5 Dodging
 - Level 2.5 Stealth
 + Level 3.8 Spellcasting
 * Level 3.0 Conjurations
 + Level 3.9 Fire Magic


You had 4 spell levels left.
You knew the following spells:

 Your Spells              Type           Power        Failure   Level  Hunger
a - Flame Tongue          Conj/Fire      ###..        3%          1    None
b - Throw Flame           Conj/Fire      ###...       4%          2    #......
c - Conjure Flame         Conj/Fire      ###.....     9%          3    ###....


Dungeon Overview and Level Annotations

Branches:
Dungeon (3/15)

Altars:
Fedhas
Kikubaaqudgha
Xom

Annotations:
D:2 2 transporters, exclusion: downstairs


Message History

The orc hits you but does no damage.
The orc priest mumbles some strange prayers to Beogh against you.
Beogh smites you!
Ouch! That really hurt!
* * * LOW HITPOINT WARNING * * *
It was a potion of berserk rage.
A red film seems to cover your vision as you go berserk!
You feel yourself moving faster!
You feel mighty! The orc hits you but does no damage.
You are too berserk!
You are too berserk!
You are too berserk!
You are too berserk!
You feel a strong urge to attack something.
You feel your anger nearly subside.
You are no longer berserk.
You are exhausted.
You feel yourself slow down. The orc hits you.
You die...

#########..............#..#
).....o................>.##
######...........######..#
#..............####.#..#
#......................#
#.........#o#...###....#
###########.#...#)....##
#.#.........#
#.#.@##..<####
#.#.o..#.....#
#.#..#.#####.# #.##.#.# #.#
#....#.# #.# ######.#####.#
#.##....# #.##.#### #.##.#


You could see an orc.

Vanquished Creatures
  An adder (D:3)
  A worm (D:3)
  2 dart slugs
  A leopard gecko (D:3)
  An orc (D:3)
  2 ball pythons
  2 giant cockroaches
  6 goblins
  7 hobgoblins
  3 jackals (D:3)
  6 kobolds
  5 bats (D:2)
  7 frilled lizards
  8 rats
52 creatures vanquished.

Notes
Turn   | Place    | Note
-------+----------+-------------------------------------------
     0 | D:1      | zaRGo the Deep Elf Fire Elementalist began the quest for the Orb.
     0 | D:1      | Reached XP level 1. HP: 10/10 MP: 6/6
   695 | D:1      | Reached XP level 2. HP: 10/15 MP: 1/8
  1401 | D:1      | Learned a level 2 spell: Throw Flame
  1533 | D:2      | Found an ancient bone altar of Kikubaaqudgha.
  1534 | D:2      | Found a blossoming altar of Fedhas.
  1950 | D:2      | Found a transporter.
  1952 | D:2      | Found a transporter.
  1954 | D:2      | Noticed a yak
  1960 | D:2      | Found a shimmering altar of Xom.
  2177 | D:2      | Reached XP level 3. HP: 14/19 MP: 6/9
  2870 | D:2      | Learned a level 3 spell: Conjure Flame
  3785 | D:3      | Reached XP level 4. HP: 24/24 MP: 3/11
  3824 | D:3      | Slain by an orc

Skill      XL: |  1  2  3 |
---------------+----------+-----
Conjurations   | 2 3 |  3.0
Dodging        | |  2.5
Stealth        | |  2.5
Spellcasting   | |  3.8
Fire Magic     | |  3.9

Action                   |  1- 3 |  4- 6 || total
-------------------------+-------+-------++-------
 Fire: Blowgun           |    27 |       ||    27
Throw: Stone             |    16 |       ||    16
 Cast: Flame Tongue      |    77 |     2 ||    79
       Throw Flame       |     4 |       ||     4
       Conjure Flame     |     1 |       ||     1
  Use: Potion            |     3 |     1 ||     4
  Eat: Ration            |     2 |       ||     2
       Chunk             |     2 |       ||     2
Armor: Robe              |     9 |     2 ||    11
Dodge: Dodged            |    34 |     1 ||    35
